 Dungeon Sprint DCSS version 0.24-a0-317-g5cb8de4 (webtiles) character file.

Game seed: 2931677272479844414

2746486 schets the End of an Era (level 23, 210/210 (219) HPs)
             Began as a Demonspawn Monk on May 17, 2019.
             Was the Champion of Qazlal.
             Escaped with the Orb
             ... and 2 runes!
             The game lasted 00:48:53 (12283 turns).

schets the End of an Era (Demonspawn Monk)         Turns: 12283, Time: 00:48:53

HP:   210/210 (219) AC:  0    Str: 20    XL:     23   Next: 23%
MP:   54/54         EV: 33    Int: 13    God:    Qazlal [******]
Gold: 123           SH: 16    Dex: 16    Spells: 76/76 levels left

rFire    . . .     SeeInvis +     - Unarmed
rCold    . . .     Gourm    .   (no shield)
rNeg     . . .     Faith    .   (no armour)
rPois    .         Spirit   .   (helmet unavailable)
rElec    .         Reflect  .   (no cloak)
rCorr    .         Harm     .   (no gloves)
MR       +....     NoTele   +   (no boots)
Stlth    +.........             (no amulet)
HPRegen  0.45/turn              (no ring)
MPRegen  0.34/turn              (no ring)

@: repel missiles
A: antennae 3, large bone plates 3, powered by death 2, powered by pain 3,
evolution 1, augmentation 3, MP-powered wands
0: Orb of Zot
}: 2/3 runes: silver, iron
a: Upheaval, Elemental Force, Disaster Area, Renounce Religion


You escaped.
You worshipped Qazlal.
Qazlal was exalted by your worship.
You were completely stuffed.

You visited 1 branch You collected 123 gold pieces.

You aren't carrying anything.


   Skills:
 O Level 27 Fighting
 O Level 27 Throwing
 O Level 27 Armour
 O Level 27 Dodging
 O Level 27 Stealth
 O Level 27 Shields
 O Level 27 Unarmed Combat
 O Level 27 Spellcasting
   Level 12.7 Summonings
 O Level 27 Invocations
 O Level 27 Evocations


You had 76 spell levels left.
You didn't know any spells.
Your spell library contained the following spells:

 Spells                   Type           Power        Failure   Level  Hunger
 Summon Butterflies       Summ           #######.     0%          1    None
 Summon Small Mammal      Summ           ####         0%          1    None
 Call Imp                 Summ           #######.     0%          2    None
 Confusing Touch          Hex            #####.       1%          1    None
 Flame Tongue             Conj/Fire      #####        1%          1    None
 Infusion                 Chrm           ####         1%          1    None
 Magic Dart               Conj           ####         1%          1    None
 Sandblast                Erth           #####.       1%          1    None
 Sting                    Conj/Pois      ####         1%          1    None
 Recall                   Summ/Tloc      N/A          1%          3    None
 Summon Lightning Spire   Summ/Air       ######..     1%          4    None
 Aura of Abjuration       Summ           #######...   1%          5    ##.....
 Summon Demon             Summ           #######...   1%          5    ##.....
 Shadow Creatures         Summ           N/A          1%          6    ####...
 Blink                    Tloc           N/A          3%          2    None
 Ensorcelled Hibernation  Hex/Ice        #####.       3%          2    None
 Poisonous Vapours        Pois/Air       #####.       3%          2    None
 Shroud of Golubria       Chrm/Tloc      #####.....   3%          2    None
 Slow                     Hex            #####...     3%          2    None
 Song of Slaying          Chrm           #####...     3%          2    None
 Throw Flame              Conj/Fire      #####.       3%          2    None
 Throw Frost              Conj/Ice       #####.       3%          2    None
 Summon Forest            Summ/Tloc      ######....   4%          5    ##.....
 Summon Mana Viper        Hex/Summ       ######..     4%          5    ##.....
 Confuse                  Hex            #####...     6%          3    None
 Conjure Flame            Conj/Fire      #####...     6%          3    None
 Dazzling Spray           Conj/Hex       #####.       6%          3    None
 Gell's Gravitas          Tloc           #####.....   6%          3    None
 Ignite Poison            Fire/Tmut/Pois #####...     6%          3    None
 Inner Flame              Hex/Fire       #####...     6%          3    None
 Lesser Beckoning         Tloc           #####.....   6%          3    None
 Mephitic Cloud           Conj/Pois/Air  #####...     6%          3    None
 Portal Projectile        Hex/Tloc       #####.       6%          3    None
 Spider Form              Tmut/Pois      #####.....   6%          3    None
 Static Discharge         Conj/Air       #####...     6%          3    None
 Teleport Other           Tloc           #####...     6%          3    None
 Summon Hydra             Summ           #######...   9%          7    ######.
 Animate Dead             Necr           N/A          19%         4    None
 Force Lance              Conj/Tloc      #####...     19%         4    None
 Ice Form                 Ice/Tmut       #####...     19%         4    None
 Olgreb's Toxic Radiance  Pois           #####...     19%         4    None
 Petrify                  Tmut/Erth      #####...     19%         4    None
 Blade Hands              Tmut           #####.....   47%         5    ##.....
 Bolt of Draining         Conj/Necr      #####.....   47%         5    ##.....
 Borgnjor's Vile Clutch   Necr/Erth      #####.....   47%         5    ##.....
 Excruciating Wounds      Chrm/Necr      #####.....   47%         5    ##.....
 Fireball                 Conj/Fire      #####.....   47%         5    ##.....
 Irradiate                Conj/Tmut      #####.....   47%         5    ##.....
 Lightning Bolt           Conj/Air       #####.....   47%         5    ##.....
 Metabolic Englaciation   Hex/Ice        #####.....   47%         5    ##.....
 Silence                  Hex/Air        #####.....   47%         5    ##.....
 Yara's Violent Unravell  Hex/Tmut       #####.....   47%         5    ##.....
 Bolt of Fire             Conj/Fire      #####.....   96%         6    ####...
 Conjure Ball Lightning   Conj/Air       #####.....   96%         6    ####...
 Darkness                 Hex            #####.....   96%         6    ####...
 Death Channel            Necr           #####.....   96%         6    ####...
 Deflect Missiles         Chrm/Air       #####.....   96%         6    ####...
 Dispersal                Tloc           #####.....   96%         6    ####...
 Freezing Cloud           Conj/Ice/Air   #####.....   96%         6    ####...
 Hydra Form               Tmut           #####.....   96%         6    ####...
 Ozocubu's Refrigeration  Ice            #####.....   96%         6    ####...
 Simulacrum               Ice/Necr       #####.....   96%         6    ####...
 Statue Form              Tmut/Erth      #####....    96%         6    ####...
 Dragon Form              Tmut           #####.....   100%        7    ######.
 Ring of Flames           Chrm/Fire      #####.....   100%        7    ######.
 Controlled Blink         Tloc           N/A          100%        8    #######
 Disjunction              Tloc           #####.....   100%        8    #######
 Ignition                 Fire           #####.....   100%        8    #######
 Dragon's Call            Summ           #######...   100%        9    #######
 Shatter                  Erth           #####.....   100%        9    #######
 Tornado                  Air            #####.....   100%        9    #######
 Passage of Golubria      Tloc           Unusable     N/A         4    N/A

Dungeon Overview and Level Annotations

Branches:
Dungeon (1/1)

Altars:
Ashenzari
Cheibriados
Dithmenos
Elyvilon
Fedhas
Gozag
Hepliaklqana
Kikubaaqudgha
Makhleb
Nemelex Xobeh
Okawaru
Qazlal
Ru
Sif Muna
Trog
Uskayaw
Vehumet
Wu Jian
Xom
Yredelemnul
Zin
The Shining One
Beogh
Jiyva
Lugonu


Innate Abilities, Weirdness & Mutations

You have a pair of large antennae on your head. (SInv)
You are completely covered in large bone plates. (SH +8)
You regenerate health from kills.
You are powered by pain.
Your magical and physical power is greatly enhanced at high health.
You evolve.
You expend magic power (3 MP) to strengthen your wands.


Message History

You drop a phantom mirror.
You drop 5 potions of might.
You drop a potion of resistance.
You drop a potion of mutation.
You drop 3 sacks of spiders.
You drop a crystal ball of energy.
You drop a box of beasts.
You drop 2 potions of brilliance.
You drop a lamp of fire.
You drop a potion of cancellation.
You drop a fan of gales.
Unknown command.
You eat one of the 13 rations.
That ration really hit the spot!
You eat one of the 12 rations.
That ration really hit the spot!
You're too full to eat anything.
Okay, then.
Okay, then.
Drop what? 0/52 slots (_ for help) (? for menu, Esc to quit)
Okay, then.
You have escaped!

##########.##...)............''..
#...........'................''..
#'#####'#####..(...#).#......##..
#.#.....#..##................##..
#.#.....#))#####.#####).#########
#.###'###))##...[...##.'#########
#.#.....#))##....§..##).....#...'
#.#...)÷#[[##...§...##....###...#
#.####)##'###.○.@.§.##...##.'..).
#.#........##...§...##..##..##.##
#.#........##.○.°...##..#).##(..#
#)###########.......##..#.)#))...
#.[.....#..*##########..')()))().
#..###..#.############..#))#...(.
#.......#)#....#..[[##..#..##..÷#
##.###.##)#....#...[##..##..##'##
#.......#)))...'..))##...##.....'


There were no monsters in sight!

Vanquished Creatures
  12 pandemonium lords (D)
  Asmodeus (D)
  Antaeus (D)
  Khufu (D)
  3 orbs of fire (D)
  6 ancient liches (D)
  Mennas (D)
  Mara (D)
  17 greater mummies (D)
  Boris (D)
  the Lernaean hydra (D)
  A Killer Klown (D)
  Frederick (D)
  4 curse toes (D)
  3 golden dragons (D)
  Nikola (D)
  Jory (D)
  2 pearl dragons (D)
  2 profane servitors (D)
  10 bone dragons (D)
  2 Tzitzimimeh (D)
  An electric golem (D)
  A tentacled monstrosity (D)
  Rupert (D)
  2 Hell Sentinels (D)
  2 hellephants (D)
  2 Ice Fiends (D)
  27 Orb Guardians (D)
  6 titans (D)
  An acid blob (D)
  10 liches (D)
  2 quicksilver dragons (D)
  A deep elf master archer (D)
  2 deep elf blademasters (D)
  4 sphinxes (D)
  2 storm dragons (D)
  3 shadow dragons (D)
  An azure jelly (D)
  2 daevas (D)
  Ilsuiw (D)
  2 nagarajas (D)
  A draconian knight (D)
  2 ghost moths (D)
  Louise (D)
  2 fire giants (D)
  5 angels (D)
  2 iron dragons (D)
  7 balrugs (D)
  A draconian scorcher (D)
  6 orc warlords (D)
  6 ghouls (D)
  An emperor scorpion (D)
  3 war gargoyles (D)
  2 reapers (D)
  2 draconian annihilators (D)
  2 stone giants (D)
  3 green draconians (D)
  An ophan (D)
  3 deep elf demonologists (D)
  3 deep elf annihilators (D)
  A purple draconian (D)
  3 black draconians (D)
  4 dire elephants (D)
  Azrael (D)
  2 white draconians (D)
  11 mummy priests (D)
  An ettin (D)
  2 merfolk impalers (D)
  7 blizzard demons (D)
  A deep elf death mage (D)
  Josephine (D)
  4 green deaths (D)
  2 death oozes (D)
  3 ice dragons (D)
  6 hydras (D)
  3 deep elf high priests (D)
  3 vault guards (D)
  A great orb of eyes (D)
  2 yaktaur captains (D)
  2 naga warriors (D)
  2 ogre magi (D)
  6 catoblepae (D)
  2 merfolk avatars (D)
  A death knight (D)
  5 two-headed ogres (D)
  An alligator snapping turtle (D)
  An alligator snapping turtle (shapeshifter) (D)
  An alligator (D)
  A death yak (D)
  4 hell hogs (D)
  A spriggan berserker (D)
  A vampire mage (D)
  4 hell knights (D)
  6 deep elf knights (D)
  An iron troll (D)
  2 skeletal warriors (D)
  A spriggan druid (D)
  3 cherubim (D)
  A glowing orange brain (D)
  2 wizards (D)
  5 swamp dragons (D)
  7 lindwurms (D)
  11 orc knights (D)
  5 necromancers (D)
  An orc sorcerer (D)
  A moth of wrath (D)
  2 merfolk sirens (D)
  A guardian serpent (D)
  6 elephants (D)
  Joseph (D)
  A black mamba (D)
  3 rust devils (D)
  2 orange demons (D)
  A molten gargoyle (D)
  2 smoke demons (D)
  An eye of devastation (D)
  5 hellions (D)
  6 kobold demonologists (D)
  A spiny frog (D)
  6 rime drakes (D)
  7 yaktaurs (D)
  2 ice devils (D)
  6 komodo dragons (D)
  4 guardian mummies (D)
  3 tormentors (D)
  A wandering mushroom (D)
  A red devil (D)
  A polar bear (D)
  A merfolk (D)
  A tyrant leech (D)
  A jumping spider (D)
  A bog body (D)
  A snapping turtle (D)
  A hippogriff (D)
  4 redbacks (D)
  2 vampires (D)
  A tarantella (D)
  An air elemental (D)
  2 wyverns (D)
  5 yaks (D)
  A spriggan (D)
  2 fire elementals (D)
  3 neqoxecs (D)
  A wraith (D)
  5 golden eyes (D)
  5 basilisks (D)
  A chaos spawn (D)
  6 steam dragons (D)
  4 acid dragons (D)
  A warg (D)
  A small abomination (D)
  7 hell hounds (D)
  A porcupine (D)
  A floating eye (D)
  6 swamp drakes (D)
  4 orc warriors (D)
  A black bear (D)
  2 necrophages (D)
  5 centaurs (D)
  2 ogres (D)
  An eye of draining (D)
  A big kobold (D)
  3 killer bees (D)
  3 wights (D)
  A crimson imp (D)
  A hound (D)
  6 orc priests (D)
  Crazy Yiuf (D)
  An orc wizard (D)
  An iron imp (D)
  Jessica (D)
  A hell rat (D)
  A worker ant (D)
  2 mummies (D)
  An adder (D)
  A gnoll (D)
  A river rat (D)
  6 adder zombies (D)
  2 oozes (D)
  3 adder skeletons (D)
  4 adder simulacra (D)
  2 leopard geckos (D)
  10 orcs (D)
  5 bat skeletons (D)
  5 bat zombies (D)
  2 goblins (D)
  7 jackals (D)
  A quokka (D)
  A ball python (D)
  A ball python simulacrum (D)
  A ball python skeleton (D)
  A bat (D)
  2 bat simulacra (D)
  A giant cockroach simulacrum (D)
  3 giant cockroach zombies (D)
  2 jackal skeletons (D)
  7 kobolds (D)
  2 leopard gecko simulacra (D)
  3 leopard gecko skeletons (D)
  A quokka skeleton (D)
  A quokka zombie (D)
  A rat (D)
  A block of ice (D)
579 creatures vanquished.

Vanquished Creatures (collateral kills)
  A deep elf blademaster (D)
  An emperor scorpion (D)
  Urug (D)
  A sea snake (D)
  An elephant (D)
  An ice devil (D)
  3 wraiths (D)
  6 yaks (D)
  A centaur (D)
  An orc wizard (D)
  A hell rat (D)
18 creatures vanquished.

Vanquished Creatures (others)
  A Tzitzimitl (D)
  2 deep elf master archers (D)
  An eldritch tentacle (D)
  A ghost moth (D)
  An orc warrior (D)
  A block of ice (D)
7 creatures vanquished.

Grand Total: 604 creatures vanquished

Notes
Turn   | Place    | Note
-------+----------+-------------------------------------------
     0 | D        | schets the Demonspawn Monk began the quest for the Orb.
     0 | D        | Reached XP level 1. HP: 18/18 MP: 1/1
    16 | D        | Found a bloodstained altar of Trog.
    16 | D        | Found a deep blue altar of Sif Muna.
    16 | D        | Found a viscous altar of Jiyva.
    16 | D        | Found a hazy altar of Hepliaklqana.
    16 | D        | Found an opulent altar of Gozag.
    17 | D        | Found a glowing golden altar of the Shining One.
    17 | D        | Found a glowing silver altar of Zin.
    17 | D        | Found a basalt altar of Yredelemnul.
    17 | D        | Found a shimmering altar of Xom.
    17 | D        | Found an ornate altar of the Wu Jian Council.
    17 | D        | Found a sacrificial altar of Ru.
    17 | D        | Found a stormy altar of Qazlal.
    17 | D        | Found an iron altar of Okawaru.
    17 | D        | Found a sparkling altar of Nemelex Xobeh.
    17 | D        | Found a burning altar of Makhleb.
    17 | D        | Found a blossoming altar of Fedhas.
    17 | D        | Found a white marble altar of Elyvilon.
    17 | D        | Found a shadowy altar of Dithmenos.
    17 | D        | Found a snail-covered altar of Cheibriados.
    18 | D        | Found a radiant altar of Vehumet.
    18 | D        | Found a corrupted altar of Lugonu.
    18 | D        | Found a roughly hewn altar of Beogh.
    19 | D        | Found an ancient bone altar of Kikubaaqudgha.
    19 | D        | Found a hide-covered altar of Uskayaw.
    19 | D        | Found a shattered altar of Ashenzari.
    24 | D        | Became a worshipper of Qazlal Stormbringer
    24 | D        | Reached * piety under Qazlal
    24 | D        | Reached ** piety under Qazlal
    62 | D        | Reached skill level 1 in Armour
    62 | D        | Gained mutation: You have a pair of small antennae on your
                  | head. [demonic ancestry]
    62 | D        | Reached XP level 2. HP: 9/25 MP: 1/3
   518 | D        | Reached *** piety under Qazlal
   534 | D        | Noticed a floating eye
   535 | D        | Killed a floating eye
   535 | D        | Reached skill level 5 in Fighting
   535 | D        | Reached skill level 5 in Unarmed Combat
   535 | D        | Reached skill level 5 in Invocations
   535 | D        | Reached XP level 3. HP: 33/33 MP: 5/7
   535 | D        | Reached XP level 4. HP: 39/39 MP: 5/8
   539 | D        | Noticed an orc warrior
   569 | D        | Killed an orc warrior
   569 | D        | Gained mutation: You sometimes gain a little power by
                  | taking damage. [demonic ancestry]
   569 | D        | Reached XP level 5. HP: 14/47 MP: 4/10
   578 | D        | Reached **** piety under Qazlal
   872 | D        | Noticed a black bear
   873 | D        | Noticed Jessica
   891 | D        | Killed Jessica
   891 | D        | Reached XP level 6. HP: 49/53 MP: 11/11
   898 | D        | Reached skill level 5 in Dodging
  1035 | D        | Reached ***** piety under Qazlal
  1114 | D        | Noticed a snapping turtle
  1114 | D        | Noticed a rime drake
  1117 | D        | Killed a rime drake
  1117 | D        | Reached skill level 5 in Armour
  1117 | D        | Reached skill level 10 in Invocations
  1117 | D        | Gained mutation: You are partially covered in large bone
                  | plates. (SH +4) [demonic ancestry]
  1117 | D        | Reached XP level 7. HP: 63/63 MP: 14/14
  1131 | D        | Killed a snapping turtle
  1356 | D        | Noticed Crazy Yiuf
  1369 | D        | Killed Crazy Yiuf
  1371 | D        | Reached XP level 8. HP: 69/71 MP: 11/16
  1628 | D        | Noticed an elephant
  1645 | D        | Killed an elephant
  1645 | D        | Reached skill level 10 in Fighting
  1658 | D        | Gained mutation: You sometimes gain power by taking damage.
                  | [demonic ancestry]
  1658 | D        | Reached XP level 9. HP: 71/79 MP: 12/18
  1707 | D        | Noticed an ice devil
  1713 | D        | Noticed Urug
  1727 | D        | Reached skill level 10 in Unarmed Combat
  1727 | D        | Killed an ice devil
  1732 | D        | Killed Urug
  1732 | D        | Reached ****** piety under Qazlal
  1734 | D        | Noticed a deep elf knight
  1744 | D        | Killed a deep elf knight
  1959 | D        | Noticed a jumping spider
  1959 | D        | Noticed a spiny frog
  1973 | D        | Killed a spiny frog
  1996 | D        | Killed a jumping spider
  1996 | D        | Gained mutation: You are powered by pain. [demonic
                  | ancestry]
  1996 | D        | Reached XP level 10. HP: 65/89 MP: 19/21
  2072 | D        | Noticed an ogre mage
  2072 | D        | Noticed a two-headed ogre
  2072 | D        | Noticed a two-headed ogre
  2072 | D        | Noticed an orange demon
  2072 | D        | Noticed a two-headed ogre
  2074 | D        | Killed a two-headed ogre
  2074 | D        | Reached skill level 15 in Invocations
  2075 | D        | Killed a two-headed ogre
  2075 | D        | Killed an orange demon
  2075 | D        | Killed an ogre mage
  2075 | D        | Killed a two-headed ogre
  2076 | D        | Noticed a two-headed ogre
  2077 | D        | Noticed a two-headed ogre
  2078 | D        | Noticed a rust devil
  2095 | D        | Killed a two-headed ogre
  2095 | D        | Gained mutation: You regenerate a little health from kills.
                  | [demonic ancestry]
  2095 | D        | Reached XP level 11. HP: 82/98 MP: 10/23
  2096 | D        | Killed a two-headed ogre
  2118 | D        | Noticed a soul eater
  2164 | D        | Noticed Joseph
  2173 | D        | Killed Joseph
  2187 | D        | Noticed a sea snake
  2191 | D        | Killed a sea snake
  2199 | D        | Reached skill level 10 in Dodging
  2276 | D        | Noticed Josephine
  2290 | D        | Killed Josephine
  2609 | D        | Reached skill level 15 in Fighting
  2609 | D        | Reached skill level 1 in Throwing
  2619 | D        | Reached skill level 10 in Armour
  2797 | D        | Noticed a wizard
  2800 | D        | Killed a wizard
  2826 | D        | Noticed a six-headed hydra
  2835 | D        | Killed a six-headed hydra
  2835 | D        | Gained mutation: You have a pair of antennae on your head.
                  | [demonic ancestry]
  2835 | D        | Reached XP level 12. HP: 106/110 MP: 11/25
  2952 | D        | Noticed an emperor scorpion
  3002 | D        | Killed an emperor scorpion
  3231 | D        | Noticed Azrael
  3231 | D        | Noticed Rupert
  3231 | D        | Noticed a yaktaur captain
  3231 | D        | Noticed an orc warlord
  3231 | D        | Noticed a vault guard
  3232 | D        | Noticed an orc warlord
  3232 | D        | Noticed a blizzard demon
  3232 | D        | Noticed a naga warrior
  3232 | D        | Noticed a fire giant
  3234 | D        | Reached skill level 15 in Unarmed Combat
  3234 | D        | Killed a yaktaur captain
  3234 | D        | Killed a blizzard demon
  3234 | D        | Reached skill level 5 in Throwing
  3234 | D        | Killed a naga warrior
  3234 | D        | Killed an orc warlord
  3234 | D        | Gained mutation: You are mostly covered in large bone
                  | plates. (SH +6) [demonic ancestry]
  3234 | D        | Reached XP level 13. HP: 95/119 MP: 25/27
  3243 | D        | Killed Rupert
  3243 | D        | Killed Azrael
  3243 | D        | Killed an orc warlord
  3411 | D        | Killed a fire giant
  3795 | D        | Noticed a balrug
  3796 | D        | Reached skill level 1 in Shields
  3796 | D        | Killed a balrug
  3796 | D        | Reached skill level 1 in Evocations
  3943 | D        | Noticed a merfolk impaler
  3943 | D        | Noticed a blizzard demon
  3946 | D        | Noticed Ilsuiw
  3953 | D        | Noticed a merfolk impaler
  3968 | D        | Killed Ilsuiw
  3968 | D        | Reached skill level 5 in Shields
  3970 | D        | Killed a blizzard demon
  3971 | D        | Noticed an emperor scorpion
  4000 | D        | Killed an emperor scorpion
  4000 | D        | Reached skill level 5 in Evocations
  4000 | D        | Reached XP level 14. HP: 123/130 MP: 12/28
  4087 | D        | Identified the +6 trident of Asirr {pierce, rC+}
  4315 | D        | Noticed an orc warlord
  4316 | D        | Noticed an ancient lich
  4317 | D        | Reached skill level 10 in Throwing
  4317 | D        | Killed an orc warlord
  4322 | D        | Noticed a nagaraja
  4333 | D        | Killed a nagaraja
  4333 | D        | Reached skill level 10 in Shields
  4340 | D        | Killed an ancient lich
  4650 | D        | Reached skill level 15 in Dodging
  4650 | D        | Reached skill level 10 in Evocations
  4814 | D        | Noticed a sphinx
  4824 | D        | Killed a sphinx
  4824 | D        | Reached skill level 15 in Armour
  4849 | D        | Noticed a daeva
  4851 | D        | Gained mutation: Your magical and physical power is
                  | slightly enhanced at high health. [demonic ancestry]
  4851 | D        | Reached XP level 15. HP: 113/136 MP: 23/29
  4854 | D        | Killed a daeva
  4958 | D        | Noticed a lich
  4966 | D        | Killed a lich
  5009 | D        | Noticed a sphinx
  5013 | D        | Killed a sphinx
  5121 | D        | Got the ring of Arrival {rElec MR+}
  5123 | D        | Got the ring of Orthodoxy {+Inv rElec rN+ MR+ Int+4}
  5125 | D        | Got the ring "Osuegh" {Fire MR+}
  5130 | D        | Got the ring "Xosotz" {Str+4 SInv}
  5133 | D        | Got the ring "Hohiplig" {rC+ Str+6 Int+4 Slay+3 Stlth-}
  5135 | D        | Got the ring of Beauty {+Inv rPois rC- rN+ Slay+2}
  5138 | D        | Got the ring of Butchery {rF- rC+ rN+ Str+8 Slay-6}
  5144 | D        | Got the ring "Bolef" {Int+3 Dex+6}
  5196 | D        | Got the ring "Leipuc" {rElec rPois rC++}
  5217 | D        | Got the ring of Buge {+Fly Str+3 SInv}
  5219 | D        | Got the amulet of Utowk {RegenMP rN+}
  5221 | D        | Got the ring of Ovuavotu {rElec Str+4 Slay+5}
  5225 | D        | Got the amulet "Cuowuem" {Gourm rElec SInv}
  5227 | D        | Got the amulet of the Lion {Reflect rN+ MR+ Str+2 SH+2}
  5231 | D        | Got the amulet "Sullyrgh" {+Rage rF+}
  5235 | D        | Got the ring "Sulobro" {Dex+3 Slay-5 SInv Stlth+}
  5237 | D        | Got the amulet of Immorality {Spirit +Inv rElec Str+3
                  | Int-3}
  5241 | D        | Got the amulet "Lolaops" {Reflect Str+2 SH+4}
  5300 | D        | Got the amulet "Dadghoge" {Gourm Dex+3}
  5308 | D        | Got the amulet "Cemen" {RegenMP rN+ Str+2}
  5313 | D        | Got the amulet "Dinnear" {Gourm MR+ Str-2 Dex+3}
  5319 | D        | Got the amulet "Hisuw" {Gourm rElec}
  5334 | D        | Got the amulet of Fatigue {RegenMP +Fly rElec Dex+2}
  5432 | D        | Reached skill level 15 in Shields
  5437 | D        | Noticed a storm dragon
  5442 | D        | Killed a ghost moth
  5463 | D        | Killed a storm dragon
  5610 | D        | Noticed a nagaraja
  5616 | D        | Killed a nagaraja
  5783 | D        | Noticed a daeva
  5785 | D        | Noticed a deep elf blademaster
  5794 | D        | Noticed Mara
  5800 | D        | Killed a daeva
  5804 | D        | Noticed schets's illusion
  5805 | D        | Killed Mara
  5805 | D        | Reached XP level 16. HP: 86/147 MP: 13/31
  5808 | D        | Killed a deep elf blademaster
  5810 | D        | Noticed a deep elf blademaster
  5812 | D        | Killed a deep elf blademaster
  5931 | D        | Reached skill level 15 in Evocations
  5956 | D        | Noticed a tentacled monstrosity
  5965 | D        | Killed a tentacled monstrosity
  6111 | D        | Noticed a golden dragon
  6117 | D        | Killed a golden dragon
  6200 | D        | Got a silver rune of Zot
  6368 | D        | Noticed Jory
  6369 | D        | Noticed a sphinx
  6385 | D        | Killed a sphinx
  6390 | D        | Noticed a shadow dragon
  6401 | D        | Killed Jory
  6438 | D        | Killed a shadow dragon
  6441 | D        | Noticed a profane servitor
  6455 | D        | Killed a profane servitor
  6455 | D        | Gained mutation: You regenerate health from kills. [demonic
                  | ancestry]
  6455 | D        | Reached XP level 17. HP: 131/158 MP: 26/33
  6490 | D        | Noticed a curse toe
  6501 | D        | Killed a curse toe
  6501 | D        | Noticed a curse toe
  6502 | D        | Killed a curse toe
  6509 | D        | Noticed a greater mummy
  6512 | D        | Killed a greater mummy
  6522 | D        | Noticed a pearl dragon
  6531 | D        | Noticed a Killer Klown
  6534 | D        | Killed a pearl dragon
  6541 | D        | Killed a Killer Klown
  6542 | D        | Noticed a golden dragon
  6550 | D        | Killed a golden dragon
  6663 | D        | Noticed an ancient lich
  6666 | D        | Killed an ancient lich
  6688 | D        | Noticed a hellephant
  6692 | D        | Noticed a quicksilver dragon
  6693 | D        | Killed a quicksilver dragon
  6694 | D        | Killed a hellephant
  6786 | D        | Noticed a bone dragon
  6805 | D        | Killed a bone dragon
  6841 | D        | Gained mutation: Your magical and physical power is
                  | enhanced at high health. [demonic ancestry]
  6841 | D        | Reached XP level 18. HP: 161/170 MP: 35/35
  6916 | D        | Got the Incunabulum of Vitriolic Flames
  6919 | D        | Got Sif Muna's Volume of Confrontation and Intoxication
  6945 | D        | Got the Handbook of Companions and Malediction
  6947 | D        | Got the Almanac of the Ashen Snowflakes
  7050 | D        | Got the Papyrus of Shifting Poison
  7085 | D        | Got Neelo's Advanced Guide to Magic
  7088 | D        | Got the Grimoire of the Turnip
  7207 | D        | Got the ring "Put-Me-On" {Ice MR+ Int+5}
  7210 | D        | Got the ring of Momaohoo {*Corrode rElec Str-3 Dex+2}
  7212 | D        | Got the ring "Pymneleu" {rElec rC+ MR+ Stlth+}
  7214 | D        | Got the amulet of Wonder {Inacc +Blink SInv Stlth+}
  7325 | D        | Got the ring of Aqirig {rN+ Dex+3}
  7327 | D        | Got the ring of the Fifty Tales {rF+ rN+++ Str+5 Int-3
                  | Dex+3}
  7329 | D        | Got the ring "Cusyps" {rElec rC+ MR+}
  7499 | D        | Noticed a curse toe
  7505 | D        | Killed a curse toe
  7562 | D        | Noticed a Tzitzimitl
  7569 | D        | Killed a Tzitzimitl
  7576 | D        | Noticed a Hell Sentinel
  7580 | D        | Killed a Hell Sentinel
  7580 | D        | Reached skill level 27 in Invocations
  7935 | D        | Noticed an orb of fire
  7937 | D        | Gained mutation: Scrolls take you a little longer to read.
                  | [an orb of fire]
  7939 | D        | Noticed an electric golem
  7946 | D        | Killed an orb of fire
  7975 | D        | Killed an electric golem
  7979 | D        | Noticed Ecweinleto the pandemonium lord
  8005 | D        | Killed Ecweinleto the pandemonium lord
  8070 | D        | Noticed a profane servitor
  8070 | D        | Noticed Louise
  8083 | D        | Killed Louise
  8083 | D        | Killed a profane servitor
  8084 | D        | Noticed a golden dragon
  8105 | D        | Killed a golden dragon
  8130 | D        | Reached skill level 1 in Spellcasting
  8146 | D        | Noticed an Ice Fiend
  8156 | D        | Killed an Ice Fiend
  8381 | D        | Noticed Dani the pandemonium lord
  8382 | D        | Noticed a greater mummy
  8399 | D        | Killed Dani the pandemonium lord
  8399 | D        | Reached skill level 5 in Spellcasting
  8399 | D        | Gained mutation: You have a pair of large antennae on your
                  | head. (SInv) [demonic ancestry]
  8399 | D        | Reached XP level 19. HP: 182/182 MP: 36/36
  8433 | D        | Killed a greater mummy
  8472 | D        | Noticed Lenlynt the pandemonium lord
  8475 | D        | Killed Lenlynt the pandemonium lord
  8585 | D        | Noticed Odovelyr the pandemonium lord
  8597 | D        | Killed Odovelyr the pandemonium lord
  8601 | D        | Noticed a greater mummy
  8630 | D        | Killed a greater mummy
  8674 | D        | Noticed a greater mummy
  8676 | D        | Noticed a hellephant
  8682 | D        | Killed a greater mummy
  8690 | D        | Killed a hellephant
  8723 | D        | Noticed an orb of fire
  8920 | D        | Reached skill level 27 in Unarmed Combat
  8959 | D        | Killed an orb of fire
  8959 | D        | Reached skill level 10 in Spellcasting
  8960 | D        | Noticed a Tzitzimitl
  8964 | D        | Killed a Tzitzimitl
  9354 | D        | Got the amulet of Doors {Reflect rElec Str+3 Dex+4 SH+2
                  | SInv}
  9372 | D        | Got the amulet of Sonilesi {Faith MR+ Str+2}
  9374 | D        | Got the amulet "Eshunt" {Gourm Slay+5}
  9378 | D        | Got the ring of Fease {rElec MP+9 SInv}
  9383 | D        | Got the ring "Ehijo" {EV+4 Int+3}
  9387 | D        | Got an iron rune of Zot
  9390 | D        | Got the amulet of Zeaschuota {Spirit Int+2}
  9394 | D        | Got the ring of Law {rC+ Str+3}
  9397 | D        | Got the ring "Asuitwim" {+Blink Str-4 Int+4 Slay+3}
  9492 | D        | Noticed an ancient lich
  9511 | D        | Killed an ancient lich
  9514 | D        | Noticed Niahafy the pandemonium lord
  9519 | D        | Killed Niahafy the pandemonium lord
  9686 | D        | Noticed a bone dragon
  9686 | D        | Noticed a greater mummy
  9686 | D        | Noticed a greater mummy
  9686 | D        | Noticed a lich
  9686 | D        | Noticed a bone dragon
  9687 | D        | Killed a lich
  9687 | D        | Killed a greater mummy
  9687 | D        | Gained mutation: Your magical and physical power is greatly
                  | enhanced at high health. [demonic ancestry]
  9687 | D        | Reached XP level 20. HP: 193/193 MP: 34/37
  9687 | D        | Killed a bone dragon
  9687 | D        | Killed a greater mummy
  9687 | D        | Killed a bone dragon
  9688 | D        | Noticed a greater mummy
  9688 | D        | Noticed a greater mummy
  9688 | D        | Noticed a bone dragon
  9688 | D        | Noticed a bone dragon
  9688 | D        | Identified the +4 ring mail of Karghik {Regen+}
  9689 | D        | Found the +4 skin of Zhor {Hibernate rC+++ SInv}
  9689 | D        | Reached skill level 27 in Fighting
  9689 | D        | Killed a bone dragon
  9689 | D        | Killed a greater mummy
  9695 | D        | Noticed a bone dragon
  9938 | D        | Noticed a bone dragon
  9952 | D        | Killed a bone dragon
  9963 | D        | Noticed an ancient lich
  9963 | D        | Noticed a bone dragon
  9967 | D        | Noticed an ancient lich
  9969 | D        | Identified the cursed +1 short sword of the Big Bang
                  | {freeze, Str+3}
  9969 | D        | Identified the ring of Somad {+Fly rPois rC+ MR+ Str+4}
                  | (You took it off a guardian mummy in the Dungeon)
  9970 | D        | Noticed a greater mummy
  9970 | D        | Noticed a greater mummy
  9971 | D        | Reached skill level 15 in Spellcasting
  9971 | D        | Killed an ancient lich
  9971 | D        | Reached skill level 15 in Throwing
  9972 | D        | Killed a greater mummy
  9972 | D        | Killed a greater mummy
  9972 | D        | Killed a greater mummy
  9972 | D        | Killed a bone dragon
  9973 | D        | Killed a bone dragon
  9975 | D        | Killed an ancient lich
  9977 | D        | Identified the +6 war axe of Success {chop, rF+ rC+ Dex-3}
  9980 | D        | Killed a bone dragon
  9993 | D        | Killed a bone dragon
  9998 | D        | Noticed a bone dragon
 10024 | D        | Killed a bone dragon
 10024 | D        | Gained mutation: You are completely covered in large bone
                  | plates. (SH +8) [demonic ancestry]
 10024 | D        | Reached XP level 21. HP: 198/198 MP: 42/42
 10063 | D        | Got the Reference Book on Virous Companions
 10178 | D        | Noticed Hemuebick the pandemonium lord
 10180 | D        | Killed Hemuebick the pandemonium lord
 10218 | D        | Noticed the 27-headed Lernaean hydra
 10218 | D        | Noticed Mennas
 10219 | D        | Noticed a greater mummy
 10220 | D        | Killed Mennas
 10220 | D        | Killed the 27-headed Lernaean hydra
 10220 | D        | Reached skill level 27 in Evocations
 10220 | D        | Reached skill level 27 in Dodging
 10220 | D        | Noticed Nikola
 10225 | D        | Reached skill level 27 in Armour
 10225 | D        | Killed Nikola
 10225 | D        | Noticed Dask the pandemonium lord
 10226 | D        | Noticed a greater mummy
 10228 | D        | Noticed Boris
 10229 | D        | Killed Dask the pandemonium lord
 10229 | D        | Killed a greater mummy
 10231 | D        | Killed a greater mummy
 10231 | D        | Killed Boris
 10294 | D        | Noticed Khufu
 10294 | D        | Noticed Frederick
 10295 | D        | Noticed a greater mummy
 10295 | D        | Noticed Leazat the pandemonium lord
 10295 | D        | Noticed a greater mummy
 10297 | D        | Reached skill level 27 in Shields
 10297 | D        | Killed Frederick
 10297 | D        | Killed a greater mummy
 10298 | D        | Killed Khufu
 10298 | D        | Reached XP level 22. HP: 50/206 MP: 39/49
 10298 | D        | Killed a greater mummy
 10371 | D        | Noticed Antaeus
 10399 | D        | Killed Antaeus
 10410 | D        | Killed Leazat the pandemonium lord
 10541 | D        | Identified the +7 sceptre of Asmodeus
 10541 | D        | Noticed Asmodeus
 10726 | D        | Killed Asmodeus
 10768 | D        | Noticed Fad Acos the pandemonium lord
 10773 | D        | Noticed a curse toe
 10776 | D        | Killed a curse toe
 10787 | D        | Killed Fad Acos the pandemonium lord
 10787 | D        | Reached skill level 27 in Throwing
 10787 | D        | Reached skill level 27 in Spellcasting
 10787 | D        | Reached skill level 5 in Stealth
 11263 | D        | Noticed a greater mummy
 11268 | D        | Noticed a greater mummy
 11274 | D        | Killed a greater mummy
 11274 | D        | Reached skill level 10 in Summonings
 11274 | D        | Killed a greater mummy
 11274 | D        | Reached skill level 10 in Stealth
 11290 | D        | Noticed Denk the pandemonium lord
 11316 | D        | Killed Denk the pandemonium lord
 11709 | D        | Noticed a greater mummy
 11735 | D        | Killed a greater mummy
 12072 | D        | Noticed Mubb the pandemonium lord
 12074 | D        | Noticed an orb of fire
 12074 | D        | Noticed an ancient lich
 12074 | D        | Noticed Surach the pandemonium lord
 12075 | D        | Killed Mubb the pandemonium lord
 12075 | D        | Reached XP level 23. HP: 210/210 MP: 54/54
 12075 | D        | Killed an orb of fire
 12075 | D        | Killed an ancient lich
 12084 | D        | Killed Surach the pandemonium lord
 12084 | D        | Reached skill level 27 in Stealth
 12088 | D        | Got the Orb of Zot
 12195 | D        | Lost mutation: Scrolls take you a little longer to read.
                  | [potion of mutation]
 12195 | D        | Gained mutation: Your body sometimes deteriorates upon
                  | taking damage. [potion of mutation]
 12195 | D        | Gained mutation: Your system is resistant to poisons.
                  | (rPois) [potion of mutation]
 12195 | D        | Gained mutation: Your spells are a little easier to cast,
                  | but a little less powerful. [potion of mutation]
 12195 | D        | Gained mutation: You possess an exceptional clarity of
                  | mind. [potion of mutation]
 12196 | D        | Lost mutation: Your body sometimes deteriorates upon taking
                  | damage. [potion of mutation]
 12196 | D        | Lost mutation: Your system is resistant to poisons. (rPois)
                  | [potion of mutation]
 12196 | D        | Lost mutation: Your spells are a little easier to cast, but
                  | a little less powerful. [potion of mutation]
 12196 | D        | Gained mutation: Your body sometimes deteriorates upon
                  | taking damage. [potion of mutation]
 12196 | D        | Gained mutation: Your flesh is cold resistant. (rC+)
                  | [potion of mutation]
 12196 | D        | Gained mutation: You are dopey. (Int -2) [potion of
                  | mutation]
 12196 | D        | Gained mutation: You have large cloven feet. [potion of
                  | mutation]
 12197 | D        | Lost mutation: Your body sometimes deteriorates upon taking
                  | damage. [potion of mutation]
 12197 | D        | Lost mutation: You are dopey. (Int -2) [potion of mutation]
 12197 | D        | Lost mutation: You have large cloven feet. [potion of
                  | mutation]
 12197 | D        | Gained mutation: You do not regenerate when monsters are
                  | visible. [potion of mutation]
 12197 | D        | Gained mutation: Armour fits poorly on your strangely
                  | shaped body. [potion of mutation]
 12197 | D        | Gained mutation: You are resistant to hostile enchantments.
                  | (MR+) [potion of mutation]
 12198 | D        | Lost mutation: You are resistant to hostile enchantments.
                  | (MR+) [potion of mutation]
 12198 | D        | Lost mutation: You do not regenerate when monsters are
                  | visible. [potion of mutation]
 12198 | D        | Lost mutation: Your flesh is cold resistant. (rC+) [potion
                  | of mutation]
 12198 | D        | Gained mutation: Your spells are a little harder to cast,
                  | but a little more powerful. [potion of mutation]
 12198 | D        | Gained mutation: You can translocate small distances at
                  | will. [potion of mutation]
 12198 | D        | Gained mutation: Your flesh is heat resistant. (rF+)
                  | [potion of mutation]
 12199 | D        | Lost mutation: Your flesh is heat resistant. (rF+) [potion
                  | of mutation]
 12199 | D        | Lost mutation: Your spells are a little harder to cast, but
                  | a little more powerful. [potion of mutation]
 12199 | D        | Lost mutation: Armour fits poorly on your strangely shaped
                  | body. [potion of mutation]
 12199 | D        | Lost mutation: You can translocate small distances at will.
                  | [potion of mutation]
 12199 | D        | Lost mutation: You possess an exceptional clarity of mind.
                  | [potion of mutation]
 12199 | D        | Gained mutation: Your spells are a little harder to cast,
                  | but a little more powerful. [potion of mutation]
 12200 | D        | Lost mutation: Your spells are a little harder to cast, but
                  | a little more powerful. [potion of mutation]
 12200 | D        | Gained mutation: You expend magic power (3 MP) to
                  | strengthen your wands. [potion of mutation]
 12200 | D        | Gained mutation: You evolve. [potion of mutation]
 12283 | D        | Escaped with the Orb!

Levels and vault maps discovered:
D:        pitsprint [storerooms_1, entrance_room_1, metal_vault_6, armoury_3,
          mini_pit_1, grid_room_1, main_hall_1, silver_pit, the_coven_1,
          the_vestibule_1, steel_vault_4, golden_pit, hallway_of_sentries,
          crystal_vault_4, iron_vault_3, final_vault]

Skill      XL: |  1  2  3  4  5  6  7  8  9 10 11 12 13 14 15 16 17 18 19 20 21 22 23 |
---------------+----------------------------------------------------------------------+-----
Armour         | 1 2 3 5 6 7 8 10 11 13 15 17 19 20 22 24 26 27 | 27.0
Dodging        | 3 4 5 6 7 8 9 10 11 13 15 17 19 20 22 24 26 27 | 27.0
Unarmed Combat | 3 5 6 8 9 11 12 14 15 17 18 20 23 26 27 | 27.0
Invocations    | 2 5 7 10 11 12 14 16 18 20 22 24 26 27 | 27.0
Fighting       | 5 6 8 9 10 12 13 15 16 18 19 21 22 24 26 27 | 27.0
Throwing       | 2 5 9 10 12 17 23 27 | 27.0
Shields        | 7 13 15 17 19 21 24 27 | 27.0
Evocations     | 5 10 14 17 19 21 23 26 27 | 27.0
Spellcasting   | 5 12 17 23 27 | 27.0
Stealth        | 23 27 | 27.0
Summonings     | 12 | 12.7

Action                   |  1- 3 |  4- 6 |  7- 9 | 10-12 | 13-15 | 16-18 | 19-21 | 22-24 || total
-------------------------+-------+-------+-------+-------+-------+-------+-------+-------++-------
Melee: Unarmed           |    22 |    39 |    62 |   123 |   255 |   336 |   218 |   180 ||  1235
       Punch             |     1 |     1 |     4 |    12 |     3 |       |       |       ||    21
Throw: Javelin           |       |       |       |     6 |    15 |     3 |       |     5 ||    29
Invok: Upheaval          |       |     8 |    11 |    11 |    17 |     7 |     2 |     7 ||    63
       Elemental Force   |       |       |     3 |     6 |     3 |     2 |     1 |     1 ||    16
       Disaster Area     |       |       |       |     3 |    20 |    20 |    13 |    10 ||    66
 Abil: Evoke Berserk Rag |       |       |       |       |       |     1 |       |       ||     1
       Evoke Invisibilit |       |       |       |       |       |       |     2 |       ||     2
Evoke: Wand              |       |       |       |       |     1 |     2 |       |       ||     3
       Lamp of fire      |       |       |       |       |     4 |     2 |     1 |     1 ||     8
       Crystal ball of e |       |       |       |       |       |     6 |     1 |     2 ||     9
  Use: Potion            |     2 |     3 |       |       |     3 |     1 |     1 |    10 ||    20
       Scroll            |       |       |       |       |     1 |       |       |     2 ||     3
 Stab: Sleeping          |     1 |       |       |       |       |       |       |       ||     1
       Distracted        |       |       |       |     1 |       |       |       |       ||     1
       Petrifying        |       |       |       |       |       |     1 |       |       ||     1
       Invisible         |       |       |       |       |       |       |     3 |       ||     3
  Eat: Chunk             |       |     1 |     2 |     4 |     5 |     5 |       |       ||    17
       Ration            |       |       |       |       |     1 |     1 |     3 |     4 ||     9
Armor: Robe              |     2 |     1 |       |       |       |       |       |       ||     3
       Scale mail        |       |    16 |    18 |    40 |       |       |       |       ||    74
       Plate armour      |       |       |       |       |    55 |    60 |       |       ||   115
       Gold dragon scale |       |       |       |       |       |    20 |    29 |    16 ||    65
Dodge: Dodged            |     8 |    31 |    37 |    69 |    59 |    61 |    37 |    32 ||   334
       Deflected         |       |     1 |     1 |     2 |     5 |     7 |     1 |     8 ||    25
Block: Other             |     3 |    16 |    36 |    75 |    11 |       |       |       ||   141
       Large shield      |       |       |       |       |   308 |   422 |   276 |   221 ||  1227
       Reflection        |       |       |       |       |     2 |    13 |     8 |     1 ||    24

Table legend:
 A = Non-vault XP
 B = Vault XP
 C = Vault XP percentage of total XP
 D = Non-vault monster count
 E = Vault monster count
 F = Vault count percentage of total count
                 A         B        C        D         E       F
            +---------+---------+-------+---------+---------+-------
      Total |       0 |  870891 | 100.0 |       0 |     595 | 100.0
            +---------+---------+-------+---------+---------+-------
          D |       0 |  870891 | 100.0 |       0 |     595 | 100.0
            +---------+---------+-------+---------+---------+-------
